 Dungeon Crawl Stone Soup version 0.18-a0-1721-gc4d1f22 (webtiles) character file.

112 incide the Chopper (level 4, -1/33 HPs)
             Began as a Demonspawn Gladiator on Apr 9, 2016.
             Slain by a gnoll
             ... wielding a +0 halberd
              (9 damage)
             ... on level 3 of the Dungeon.
             The game lasted 00:03:59 (2157 turns).

incide the Chopper (Demonspawn Gladiator)           Turns: 2157, Time: 00:04:00

Health: -1/33      AC:  7    Str: 16    XL:     4   Next: 63%
Magic:  4/4        EV: 12    Int: 10    God:
Gold:   131        SH:  0    Dex: 13    Spells: 0 memorised, 3 levels left

rFire  . . .     SeeInvis .     a - +0 war axe
rCold  . . .     Gourm    .     s - +0 leather armour (curse)
rNeg   . . .     Faith    .     (no shield)
rPois  .         Spirit   .     c - +0 helmet
rElec  .         Dismiss  .     y - +0 cloak
rCorr  .         Reflect  .     (no gloves)
SustAt .         Harm     .     r - +1 pair of boots
MR     .....                    (no amulet)
Stlth  +.........               (no ring)
                                (no ring)

@: not resistant to hostile enchantments, very unstealthy
A: hooves 1, foul stench 1, rot immunity
a: no special abilities


You were on level 3 of the Dungeon.
You were not hungry.

You visited 1 branch of the dungeon, and saw 4 of its levels.

You collected 131 gold pieces.

Inventory:

Hand Weapons
 a - a +0 war axe (weapon)
 t - a cursed -3 dagger
Missiles
 d - 3 throwing nets
 n - 4 javelins (quivered)
Armour
 b - a +0 leather armour
 c - a +0 helmet (worn)
 r - a +1 pair of boots (worn)
 s - a cursed +0 leather armour (worn)
 y - a +0 cloak (worn)
Scrolls
 e - 3 scrolls of identify {unknown}
 g - a scroll of enchant weapon {unknown}
 h - a scroll of fog {unknown}
 i - 6 scrolls of remove curse {unknown}
 m - 2 scrolls of magic mapping {unknown}
 q - a scroll of noise {unknown}
 u - a scroll of fear {unknown}
 x - 2 scrolls of teleportation {unknown}
 A - a scroll of random uselessness {unknown}
 B - a scroll of amnesia {unknown}
Potions
 j - 2 potions of agility {unknown}
 k - 2 potions of curing {unknown}
 l - 2 potions of might {unknown}
 o - a potion of cure mutation {unknown}
 p - 3 potions of heal wounds {unknown}
 v - 2 potions of magic {unknown}
 w - 2 potions of lignification {unknown}
 D - a potion of degeneration {unknown}
 E - a potion of haste {unknown}
Comestibles
 f - 5 bread rations
 z - 3 chunks of flesh
 C - a slice of pizza


   Skills:
 - Level 2.0 Fighting
 + Level 5.0 Axes
 - Level 1.7 Throwing
 - Level 2.6 Dodging


You had 3 spell levels left.
You didn't know any spells.

Dungeon Overview and Level Annotations

Branches:
Dungeon (4/15)
 Temple: D:4-7

Altars:


Innate Abilities, Weirdness & Mutations

You have large cloven feet.
You may emit foul miasma when damaged in melee.
You are immune to rotting.


Message History

You slash the gnoll!
The gnoll is almost dead.
The gnoll hits you with a whip.
The gnoll looks sick.
The gnoll closely misses you.
You hit the gnoll.
You kill the gnoll!
Your Axes skill increases to level 5!
The gnoll hits you from afar with a halberd!
Things that are here:
a whip; a gnoll corpse You hit the gnoll but do no damage.
The gnoll hits you with a halberd!
* * * LOW HITPOINT WARNING * * *
The gnoll barely misses you.
You are too injured to fight recklessly!
You are too injured to fight recklessly!
You are too injured to fight recklessly!
You slash the gnoll!
The gnoll is severely wounded.
The gnoll hits you with a halberd!
You die...

#.##.................##.##.#.##..
..##..........#............#.##..
..............'..............>#..
#.............#..#...##.#......<.
#.............#..................
+.........g#####.###.##..........
#...#.####.# #g# #..^...###..#.
....#.# #.## #g# ######## #....
....#.# #..# #@# ####. #...#.#
##.# #.# ## #...# #g# #(# #...+
#.# #.# # #...# #g## #.### #####
#g.# #.#. ##.###.. #..##.#
##.#..# #


You could see 2 gnolls.

Vanquished Creatures
  An orc priest (D:3)
  An adder (D:2)
  2 gnolls (D:3)
  A worm (D:3)
  2 dart slugs
  2 giant geckos (D:2)
  3 orcs (D:3)
  3 giant cockroaches
  4 hobgoblins
  A quokka (D:3)
  3 bats
  4 giant newts
  8 goblins
  5 kobolds
  5 rats
45 creatures vanquished.

Notes
Turn   | Place    | Note
--------------------------------------------------------------
     0 | D:1      | incide the Demonspawn Gladiator began the quest for the Orb.
     0 | D:1      | Reached XP level 1. HP: 16/16 MP: 1/1
    27 | D:1      | Reached skill level 3 in Axes
   166 | D:1      | Gained mutation: You are immune to rotting. [demonic ancestry]
   166 | D:1      | Reached XP level 2. HP: 22/22 MP: 2/2
  1073 | D:2      | Gained mutation: You may emit foul miasma when damaged in melee. [demonic ancestry]
  1073 | D:2      | Reached XP level 3. HP: 9/27 MP: 3/3
  1455 | D:2      | Reached skill level 4 in Axes
  1956 | D:3      | Gained mutation: You have large cloven feet. [demonic ancestry]
  1956 | D:3      | Reached XP level 4. HP: 33/33 MP: 4/4
  2154 | D:3      | Reached skill level 5 in Axes
  2157 | D:3      | Slain by a gnoll

Vault maps used:
D:1:      dpeg_arrival_stonehenge_12_columns
D:2:      first_bread, minmay_misc_feat_hallway
D:3:      ecumenical_altar_1, kennysheep_pointless_box, tgw_sif
D:4:      serial_shops, kennysheep_mini_moat, nicolae_alphabet_shops,
          uniq_duvessa, uniq_grinder

Skill      XL: |  1  2  3  4 |
---------------+-------------+-----
Axes           | 3 4 5 |  5.0
Fighting       | |  2.0
Throwing       | |  1.7
Dodging        | |  2.6

Action                   |  1- 3 |  4- 6 || total
-------------------------+-------+-------++-------
Melee: War axe           |   125 |    19 ||   144
 Stab: Distracted        |     1 |       ||     1
  Eat: Chunk             |     3 |     1 ||     4
